 Dungeon Crawl Stone Soup version 0.30-a0-371-gad7725a93e (webtiles) character file.

Game seed: 8417787446387131631

1687 funkygono the Trooper (level 9, -5/69 (71) HPs)
             Began as a Human Cinder Acolyte on Nov 20, 2022.
             Was an Elder of Ignis.
             Slain by a wight
             ... wielding a +0 morningstar
              (6 damage)
             ... on level 6 of the Dungeon.
             The game lasted 00:12:54 (5200 turns).

funkygono the Trooper (Human Cinder Acolyte)        Turns: 5200, Time: 00:12:55

HP:   -5/69 (71)    AC: 15    Str: 16    XL:     9   Next: 22%
MP:   16/17         EV: 11    Int: 26    God:    Ignis [****..]
Gold: 284           SH:  0    Dex: 16    Spells: 14/18 levels left

rFire   + . .      SeeInvis .    a - +1 falchion (flame)
rCold   . . .      Faith    .    (no shield)
rNeg    . . .      Spirit   .    m - +1 ring mail of Oxosh {Int+4}
rPois   .          Reflect  .    w - +0 hat
rElec   .          Harm     .    f - scarf {repulsion}
rCorr   .          Rampage  .    j - +1 pair of gloves
Will    .....                    (no boots)
Stlth   +.........               (no amulet)
HPRegen 0.31/turn                n - +6 ring of dexterity
MPRegen 0.15/turn                l - +6 ring of intelligence

@: fiery-armoured, lightly drained, repel missiles
A: no striking features
a: Renounce Religion, Fiery Armour, Foxfire Swarm, Rising Flame


You were on level 6 of the Dungeon.
You worshipped Ignis.
Ignis was greatly pleased with you.
You visited 1 branch of the dungeon, and saw 6 of its levels.

You collected 284 gold pieces.

Inventory:

Hand Weapons
 a - a +1 falchion of flaming (weapon)
Armour
 b - a +0 robe
 f - a scarf of repulsion (worn)
 h - a +0 robe of willpower
 j - a +1 pair of gloves (worn)
 m - the +1 ring mail of Oxosh (worn) {Int+4}
   (You found it on level 3 of the Dungeon)

   Int:       It affects your intelligence (+4).
 w - a +0 hat (worn)
 x - a +0 cloak
Jewellery
 l - a +6 ring of intelligence (right hand)
 n - a +6 ring of dexterity (left hand)
 p - a ring of wizardry
 y - a ring of protection from cold
Wands
 q - a wand of polymorph (11)
Scrolls
 g - 5 scrolls of teleportation
 r - a scroll of magic mapping
 s - a scroll of amnesia
 u - a scroll of identify
Potions
 c - 2 potions of attraction
 d - 5 potions of heal wounds
 e - 4 potions of flight
 i - 2 potions of brilliance
 k - a potion of ambrosia {unknown}
 o - a potion of mutation
 t - 4 potions of curing {unknown}
 v - 2 potions of might {unknown}


   Skills:
 * Level 6.4 Fighting
 + Level 5.1 Long Blades
 + Level 2.6 Dodging
 + Level 5.3 Spellcasting
 + Level 6.3 Fire Magic


You had 14 spell levels left.
You knew the following spells:

 Your Spells              Type           Power      Damage    Failure   Level
a - Scorch                Fire           80%        2d9       1%          2
b - Blink                 Tloc           12%        N/A       22%         2

Your spell library contained the following spells:

 Spells                   Type           Power      Damage    Failure   Level
 Apportation              Tloc           12%        N/A       14%         1
 Necrotise                Necr           24%        1d5       14%         1
 Summon Small Mammal      Summ           24%        N/A       14%         1
 Ignite Poison            Fire/Tmut/Pois 17%        N/A       19%         3
 Kindle Blastsparks       Fire/Tloc/Air  34%        2d12      19%         3
 Momentum Strike          Conj/Tloc      12%        3d8       22%         2
 Lesser Beckoning         Tloc           12%        N/A       38%         3
 Freezing Cloud           Conj/Ice/Air   3%         6-21      98%         5


Dungeon Overview and Level Annotations

Branches:
Dungeon (6/15)             Temple (0/1) D:5

Altars:
Dithmenos
Ru
Trog
Xom
Zin

Shops:
D:1 (   D:2 =!:   D:6 *


Message History

The steam dragon breathes steam at you. The ball of steam hits you. You resist.
* * * LOW HITPOINT WARNING * * *
The centaur shoots an arrow.
The arrow closely misses you. The steam dragon breathes steam at you.
The ball of steam misses you.
The centaur is engulfed in a cloud of scalding steam.
The centaur shoots an arrow.
The arrow hits you.
* * * LOW HITPOINT WARNING * * *
The centaur unwields a +0 shortbow.
The centaur closely misses you.
The centaur kicks you but does no damage.
The centaur is burned by your cloak of flames.
You kill the centaur!
The steam dragon barely misses you.
The steam dragon claws you but does no damage.
The steam dragon is burned by your cloak of flames.
The steam dragon is moderately wounded.
You hit the steam dragon but do no damage.
The steam dragon is moderately wounded.
The wight misses you.
The steam dragon bites you but does no damage.
The steam dragon closely misses you.
You slash the steam dragon! You burn the steam dragon.
The steam dragon is severely wounded.
The wight closely misses you.
The steam dragon bites you but does no damage.
The steam dragon misses you.
You hit the steam dragon. You burn the steam dragon.
The steam dragon is almost dead.
The steam dragon bites you!
* * * LOW HITPOINT WARNING * * *
The steam dragon is burned by your cloak of flames.
You kill the steam dragon!
The wight hits you with a +0 morningstar.
* * * LOW HITPOINT WARNING * * *
You feel drained.
The wight is burned by your cloak of flames.
The wight is moderately damaged.
The wight hits you with a +0 morningstar.
You die...

##........# # +.........#
# ###.......# #
###.......# # .
#....###### #
#..###.##.##############
#.......#...............
###.##.ยง################
......>@# #..####z# # #h#
#.#z# ... ... #.#. .#.#
..... ..... #.# #. .# #.#
... .. .. ...


You could see a hound and 2 wights.

Vanquished Creatures
  Sigmund (D:2)
  2 steam dragons (D:6)
  2 black bears (D:5)
  2 ice beasts
  3 ogres
  2 centaurs
  3 scorpions
  3 wights (D:6)
  3 hounds
  A jelly (D:3)
  3 iguanas
  Jessica (D:2)
  4 adders
  4 gnolls (D:5)
  An ufetubus (D:5)
  A worm (D:5)
  3 dart slugs
  5 orcs
  4 ball pythons
  5 endoplasms
  A giant cockroach (D:3)
  10 goblins
  6 hobgoblins
  13 jackals (D:1)
  4 quokkas
  3 bats (D:3)
  A frilled lizard (D:1)
  4 kobolds
  3 rats (D:1)
98 creatures vanquished.

Vanquished Creatures (others)
  7 fungi
7 creatures vanquished.

Grand Total: 105 creatures vanquished

Notes
Turn   | Place    | Note
-------+----------+-------------------------------------------
     0 | D:1      | funkygono the Human Cinder Acolyte began the quest for the
                  | Orb.
     0 | D:1      | Reached XP level 1. HP: 18/18 MP: 2/2
    59 | D:1      | Reached XP level 2. HP: 23/24 MP: 3/3
    82 | D:1      | Learned a level 2 spell: Scorch
   182 | D:1      | Found Qeniaph's Antique Weapon Emporium.
   250 | D:1      | Reached XP level 3. HP: 29/29 MP: 0/4
   407 | D:1      | Found a faded altar of an unknown god.
   801 | D:2      | Found Wocomn's Book Shoppe.
   803 | D:2      | Noticed Jessica
   807 | D:2      | Killed Jessica
   808 | D:2      | Reached XP level 4. HP: 37/37 MP: 0/5
   934 | D:2      | Noticed Sigmund
   945 | D:2      | Killed Sigmund
   946 | D:2      | Reached skill level 1 in Dodging
   946 | D:2      | Reached XP level 5. HP: 35/43 MP: 5/7
   946 | D:2      | Reached XP level 6. HP: 39/49 MP: 5/8
  1258 | D:2      | Found Qivirph's Jewellery Shop.
  1289 | D:2      | Found Diasosh Wieg's Distillery.
  1936 | D:3      | Found a faded altar of an unknown god.
  1936 | D:3      | Found a glowing silver altar of Zin.
  1961 | D:3      | Found a bloodstained altar of Trog.
  1963 | D:3      | Found a faded altar of an unknown god.
  1964 | D:3      | Found a shimmering altar of Xom.
  2141 | D:3      | Noticed an ice beast
  2158 | D:3      | Killed an ice beast
  2346 | D:3      | Identified the +1 ring mail of Oxosh {Int+4}
  2581 | D:3      | Reached skill level 5 in Fighting
  2581 | D:3      | Reached XP level 7. HP: 53/56 MP: 10/10
  3120 | D:4      | Found a sacrificial altar of Ru.
  3137 | D:4      | Found a shadowy altar of Dithmenos.
  3638 | D:4      | Learned a level 2 spell: Blink
  3666 | D:5      | Entered Level 5 of the Dungeon
  3669 | D:5      | Reached XP level 8. HP: 63/63 MP: 7/12
  3827 | D:5      | Reached skill level 5 in Fire Magic
  4136 | D:5      | Found a staircase to the Ecumenical Temple.
  4920 | D:6      | Found Koitsy's Fire Supplies.
  5173 | D:6      | Reached skill level 5 in Long Blades
  5173 | D:6      | Reached XP level 9. HP: 49/69 MP: 13/16
  5178 | D:6      | Reached skill level 5 in Spellcasting
  5200 | D:6      | HP: 1/70 [wight/+0 morningstar (3)]
  5200 | D:6      | Slain by a wight

Illustrated notes

Levels and vault maps discovered:
D:1:      dpeg_arrival_pits, layout_basic,
          dreamdust_ecumenical_altar_angels_and_demons, serial_shops,
          nicolae_shop_waterfront
D:2:      layout_loops_corners, serial_shops, nicolae_shop_trees, shop, shop,
          uniq_sigmund, uniq_jessica
D:3:      layout_rooms, chequers_temple_overflow_minitemple, glass_columns_a,
          minmay_hedge_maze
D:4:      layout_loops_cross, mainiacjoe_overflow_catwalk_spiral, st_stairs_14,
          dreamdust_mushroom_princess, nicolae_figureground_sparkle
D:5:      layout_basic, minmay_temple_entry_arrows, serial_aquarium,
          aquarium_bridge_square [aquarium_subvault_bridge,
          aquarium_subvault_wall, aquarium_subvault_bridge,
          aquarium_subvault_wall], aquarium_window_fake, aquarium_window_1,
          aquarium_view_2e, aquarium_balcony_1b, aquarium_pool_corner
D:6:      layout_basic, st_stairs_11, nicolae_shop_fire_sale
          [nicolae_sub_dead_trees]

Skill      XL: |  1  2  3  4  5  6  7  8  9 |
---------------+----------------------------+-----
Fighting       | 4 5 6 |  6.4
Long Blades    | 4 5 |  5.1
Dodging        | 1 2 |  2.6
Fire Magic     | 4 6 |  6.3
Spellcasting   | 2 3 4 5 |  5.3

Action                   |  1- 3 |  4- 6 |  7- 9 || total
-------------------------+-------+-------+-------++-------
Melee: Falchion          |    51 |    60 |    92 ||   203
       Punch             |       |     1 |     1 ||     2
 Cast: Scorch            |     5 |    13 |    53 ||    71
Invok: Fiery Armour      |     2 |     1 |     1 ||     4
  Use: Scroll            |       |    13 |     4 ||    17
Armor: Robe              |    22 |     8 |       ||    30
       Ring mail         |       |     7 |    52 ||    59
Dodge: Dodged            |    50 |    28 |    74 ||   152

Table legend: (Time is in decaauts)
 A = Elapsed time spent in this place.
 B = Non-inter-level travel time spent in this place.
 C = Inter-level travel time spent in this place.
 D = Time resting spent in this place.
 E = Time spent auto-exploring this place.
 F = Levels seen in this place.
 G = Mean time per level.
                   A        B        C        D        E       F      G
               +--------+--------+--------+--------+--------+-----+--------+
         Total |   5221 |   5068 |    153 |      0 |   4267 |   6 |  870.2 |
       Dungeon |   5221 |   5068 |    153 |      0 |   4267 |   6 |  870.2 |
               +--------+--------+--------+--------+--------+-----+--------+

Top non-repeatable levels by time:
     D:5: 1121 daAuts
     D:4: 1091 daAuts
     D:2: 944 daAuts
     D:3: 844 daAuts
     D:1: 804 daAuts
     D:6: 414 daAuts
